 Dungeon Crawl Stone Soup version 0.25-a0-246-g58704a1ebd (webtiles) character file.

Game seed: 4778865179229561404, levelgen mode: classic

15 Borgoz the Cutter (level 2, -1/19 HPs)
             Began as a Halfling Gladiator on Dec 4, 2019.
             Slain by Sigmund
             ... wielding a +0 scythe
              (7 damage)
             ... on level 2 of the Dungeon.
             The game lasted 00:00:41 (177 turns).

Borgoz the Cutter (Halfling Gladiator)               Turns: 177, Time: 00:00:42

Health: -1/19      AC:  4    Str: 13 (15) XL:     2   Next: 65%
Magic:  2/2        EV: 15    Int:  4 (6)  God:
Gold:   0          SH:  0    Dex: 12 (15) Spells: 1/1 levels left

rFire    + . .     SeeInvis .   a - +0 rapier
rCold    + . .     Gourm    .   (shield restricted)
rNeg     . . .     Faith    .   b - +0 leather armour
rPois    +         Spirit   .   c - +0 helmet
rElec    +         Reflect  .   (no cloak)
rCorr    +         Harm     .   (no gloves)
MR       .....                  (no boots)
Stlth    +.........             (no amulet)
HPRegen  0.06/turn              (no ring)
MPRegen  0.08/turn              (no ring)

@: resistant
A: small, mutation resistance 1
a: no special abilities


You were on level 2 of the Dungeon.
You were not hungry.

You visited 1 branch of the dungeon, and saw 2 of its levels.

Inventory:

Hand Weapons
 a - a +0 rapier (weapon)
Missiles
 d - 3 throwing nets (quivered)
Armour
 b - a +0 leather armour (worn)
 c - a +0 helmet (worn)
Comestibles
 f - 5 rations
 i - 2 chunks of flesh


   Skills:
 * Level 2.0 Fighting
 * Level 3.9 Short Blades
 - Level 2.0 Throwing
 + Level 0.4 Armour
 * Level 3.5 Dodging
 + Level 0.5 Stealth


You had one spell level left.
You didn't know any spells.
Your spell library was empty.

Dungeon Overview and Level Annotations

Branches:
Dungeon (2/15)

Altars:
Fedhas
Qazlal

Annotations:
D:2 Sigmund


Innate Abilities, Weirdness & Mutations

You are small and have problems with some larger weapons.
You are somewhat resistant to further mutation.


Message History

Found a stone staircase leading down.
You hit the bat.
The bat is moderately wounded.
The bat misses you.
It was a potion of degeneration.
There was something very wrong with that liquid.
You feel weakened.
You feel dopey.
You feel clumsy. The bat hits you. Something hits you but does no damage.
It was a potion of curing.
You feel better. The bat barely misses you.
It was a potion of resistance.
You feel protected. Something barely misses you.
The bat hits you but does no damage. The bat hits you. Something hits you!
Ouch! That really hurt!
Found 22 stones.
The bat misses you. The bat barely misses you.
There is a stone staircase leading up here.
The bat barely misses you. Something hits you!
You die...

...#........##
...>...#......##
...............##
................#
................#
................#
................#
..>......b@.....#
...............(#
................##
#........#.....##
.....###.#######
.............###
....####...#...###
.. ##........##
###....#..#


You could see a bat.

Vanquished Creatures
  An adder (D:2)
  A bat (D:1)
  A goblin (D:1)
  2 kobolds (D:1)
  2 rats (D:1)
7 creatures vanquished.

Notes
Turn   | Place    | Note
-------+----------+-------------------------------------------
     0 | D:1      | Borgoz the Halfling Gladiator began the quest for the Orb.
     0 | D:1      | Reached XP level 1. HP: 14/14 MP: 1/1
    97 | D:1      | Reached XP level 2. HP: 14/19 MP: 2/2
   111 | D:2      | Found a stormy altar of Qazlal.
   122 | D:2      | Found a blossoming altar of Fedhas.
   167 | D:2      | Noticed Sigmund
   177 | D:2      | Slain by Sigmund

Levels and vault maps discovered:
D:1:      dpeg_arrival_windows_large_door, layout_loops_ring,
          skrybe_limestone_x, minmay_misc_feat_roman
D:2:      layout_rooms, lemuel_round_altar, lemuel_doored_altar,
          old_standard_altar, grunt_qazlal_sundering, uniq_terence,
          uniq_natasha, uniq_sigmund

Skill      XL: |  1  2 |
---------------+-------+-----
Fighting       | 2 |  2.0
Short Blades   | |  3.9
Throwing       | |  2.0
Armour         | |  0.4
Dodging        | |  3.5
Stealth        | |  0.5

Action                   || total
-------------------------++-------
Melee: Rapier            ||    24
  Use: Potion            ||     3
 Stab: Sleeping          ||     1
Armor: Leather armour    ||     8
Dodge: Dodged            ||    25

Table legend:
 A = Non-vault XP
 B = Vault XP
 C = Vault XP percentage of total XP
 D = Non-vault monster count
 E = Vault monster count
 F = Vault count percentage of total count
                 A         B        C        D         E       F
            +---------+---------+-------+---------+---------+-------
      Total |      22 |       0 |   0.0 |       7 |       0 |   0.0
            +---------+---------+-------+---------+---------+-------
        D:1 |       9 |       0 |   0.0 |       6 |       0 |   0.0
        D:2 |      13 |       0 |   0.0 |       1 |       0 |   0.0
            +---------+---------+-------+---------+---------+-------
